AoeStats
← O grande

Arabia

510017245Analyzed
1v1 RM · 2d ago on Sep 29, 2026· 46m 21s· 2 players
Game mode
Random Map
Map size
Tiny (2 player)
Population
200
Speed
Normal
Resources
Standard
Victory
Conquest
Starting age
Dark Age
Ending age
Imperial Age
RankedLock teamsTeams togetherTeam positionsShared explorationLock speedFull tech treeHidden civsTurbo modeCheats
Victory
Defeat
🇧🇷 Tatars · Brazil
2079
+5
🇦🇷 Chinese · Argentina
1803
-5
qeozouwajqnl
0:26 Loom
8:57 Feudal Age
9:36 Double-Bit Axe
9:50 Horse Collar
15:11 Fletching
17:16 Bloodlines
19:12 Scale Barding Armor
22:31 Castle Age
20:39 Padded Archer Armor
20:53 Gold Mining
22:41 Scale Barding Armor
22:32 Crossbowman
23:23 Bow Saw
23:10 Bodkin Arrow
24:24 Wheelbarrow
29:59 Hand Cart
29:30 Town Watch
35:22 Imperial Age
33:46 Leather Archer Armor
34:00 Ballistics
36:05 Bracer
36:01 Elite Skirmisher
40:29 Chemistry
41:01 Thumb Ring
41:25 Masonry
41:43 Scale Mail Armor
44:13 Chain Mail Armor
43:43 Light Cavalry
45:24 Husbandry
46:29 Chain Barding Armor
O grande
7:08 Loom
9:08 Feudal Age
9:51 Double-Bit Axe
10:53 Horse Collar
20:28 Castle Age
18:42 Fletching
19:44 Padded Archer Armor
20:21 Bloodlines
20:12 Gold Mining
21:36 Bodkin Arrow
23:21 Husbandry
24:56 Leather Archer Armor
28:24 Bow Saw
30:34 Heavy Plow
31:10 Gold Shaft Mining
31:16 Wheelbarrow
31:08 Town Watch
33:41 Hand Cart
37:35 Imperial Age
37:31 Gold Shaft Mining
36:46 Stone Mining
36:34 Light Cavalry
37:44 Guard Tower
38:14 Ballistics
38:28 Bracer
39:30 Chemistry
38:51 Scale Barding Armor
39:35 Ring Archer Armor
40:14 Chain Barding Armor
40:51 Forging
42:06 Plate Barding Armor
42:45 Iron Casting
43:53 Town Patrol
45:10 Blast Furnace
45:17 Silk Armor
44:57 Elite Steppe Lancer
46:42 Timurid Siegecraft
46:52 Conscription
Connection lost

Rejoining the realm…

Still unreachable

The connection could not be restored.

Session expired

The server has moved on; the page needs a fresh start.